Map: Romanticide LE

Players

darknoob

  • Race: Protoss Protoss
  • League: Gold
  • Spawn Location: 11:00

rottenorange - Winner!

  • Race: Zerg Zerg
  • League: Bronze
  • Spawn Location: 5:00

VOD

Have the link to the VOD?

Description

Time

  • Played on: Oct. 10, 2020, 10:38 a.m.
  • Length: 5:19
Show
View Real Time Build Order
Export as new Build Order

darknoob Protoss 

Build Orders: Cannon Rush 

Get SALT Encoding   

  12  0:05  Probe (Chrono Boost)  
  14  0:15  Probe (Chrono Boost)  
  14  0:18  Pylon  
  14  0:36  Forge  
  14  0:50  Pylon  
  14  1:00  Pylon  
  14  1:11  Photon Cannon  
  14  1:18  Photon Cannon  
  14  1:24  Pylon  
  14  1:47  Pylon  
  14  1:55  Photon Cannon  
  14  2:03  Probe (Chrono Boost)  
  15  2:13  Probe (Chrono Boost)  
  16  2:18  Probe (Chrono Boost)  
  15  2:44  Pylon  
  15  3:02  Photon Cannon  
  12  3:41  Gateway  
  12  3:49  Pylon  
  12  4:07  Gateway  
  12  4:14  Assimilator  
  12  4:17  Probe (Chrono Boost)  
  13  4:28  Zealot (Chrono Boost), Probe (Chrono Boost)  
  16  4:32  Probe (Chrono Boost)  
  16  4:45  Probe  
  3  4:57  Probe  
Show
View Real Time Build Order
Export as new Build Order

rottenorange Zerg - Winner!

Build Orders: Hatch First 

Get SALT Encoding   

  12  0:01  Drone  
  13  0:14  Overlord  
  13  0:17  Drone  
  14  0:32  Drone x2  
  16  0:48  Hatchery  
  15  0:58  Drone  
  15  0:59  Drone  
  17  1:04  Extractor  
  16  1:20  Spawning Pool  
  15  1:33  Drone  
  14  1:52  Drone  
  15  2:09  Zergling x6  
  18  2:27  Queen  
  20  2:40  Drone x3  
  23  2:49  Queen  
  25  2:59  Overlord  
  25  3:01  Zergling x4  
  27  3:20  Spine Crawler  
  27  3:22  Spine Crawler  
  25  3:34  Zergling x6  
  26  3:48  Drone  
  26  3:49  Drone x4  
  31  4:05  Drone x2  
  33  4:16  Queen  
  34  4:45  Zergling x2  
  34  4:46  Zergling x2  
  34  4:48  Overlord x5  
Tags
 
Add a new tag
Caveats
  • Supply blocks, unpowered buildings, or Contaminate may cause inaccurate times.
  • Supply counts are checked every 10 seconds.